 Dungeon Crawl Stone Soup version 0.29.0-11-gd7f09526c8 (webtiles) character file.

Game seed: 331476793029978216

405 SensoryNuts the Slasher (level 6, 0/48 HPs)
             Began as a Demonspawn Fighter on Sept 4, 2022.
             Slain by a gnoll
             ... wielding a +1 flail of venom
             ... led by a gnoll bouda
              (10 damage)
             ... on level 5 of the Dungeon.
             The game lasted 00:03:45 (3924 turns).

SensoryNuts the Slasher (Demonspawn Fighter)        Turns: 3924, Time: 00:03:46

Health: 0/48       AC:  8    Str: 17    XL:     6   Next: 56%
Magic:  6/6        EV: 13    Int:  9    God:
Gold:   180        SH:  5    Dex: 20    Spells: 5/5 levels left

rFire   . . .      SeeInvis .   a - +0 long sword
rCold   . . .      Faith    .   c - +0 buckler
rNeg    . . .      Spirit   .   b - +0 scale mail
rPois   .          Reflect  .   (no helmet)
rElec   .          Harm     .   p - +0 cloak
rCorr   .          Rampage  .   (no gloves)
Will    .....                   (no boots)
Stlth   ..........              (no amulet)
HPRegen 0.16/turn               f - +6 ring of dexterity
MPRegen 0.10/turn               g - ring of flight

@: weakened, flying, repel missiles
A: hooves 1, repulsion field 3
a: no special abilities


You were on level 5 of the Dungeon.
You visited 1 branch of the dungeon, and saw 5 of its levels.

You collected 180 gold pieces.

Inventory:

Hand Weapons
 a - a +0 long sword (weapon)
Armour
 b - a +0 scale mail (worn)
 c - a +0 buckler (worn)
 p - a +0 cloak (worn)
Jewellery
 f - a +6 ring of dexterity (left hand)
 g - a ring of flight (right hand)
 j - a +6 ring of intelligence
 m - a ring of positive energy
Potions
 d - a potion of might
 e - 4 potions of brilliance
 h - a potion of lignification {unknown}
 i - a potion of curing
 k - a potion of flight {unknown}
 l - 2 potions of resistance
 n - a potion of berserk rage
 o - 2 potions of cancellation {unknown}
 q - a potion of degeneration {unknown}
 r - a potion of haste {unknown}


   Skills:
 + Level 3.8 Fighting
 * Level 4.6 Long Blades
 + Level 4.1 Armour
 + Level 1.0 Dodging
 + Level 0.3 Stealth
 + Level 3.1 Shields


You had 5 spell levels left.
You didn't know any spells.
Your spell library contained the following spells:

 Spells                   Type           Power      Damage    Failure   Level
 Conjure Flame            Conj/Fire      0%         6-21      99%         3
 Dazzling Flash           Conj/Hex       0%         N/A       99%         3
 Ignite Poison            Fire/Tmut/Pois 0%         N/A       99%         3
 Iskenderun's Mystic Bla  Conj/Tloc      0%         2d3       100%        4
 Sticky Flame             Conj/Fire      0%         2d3       100%        4
 Starburst                Conj/Fire      0%         6d3       100%        6


Dungeon Overview and Level Annotations

Branches:
Dungeon (4/15)
 Temple: D:4-7

Altars:


Innate Abilities, Weirdness & Mutations

You have large cloven feet.
You are surrounded by a strong repulsion field. (EV +4, RMsl)


Message History

You closely miss the gnoll bouda. You kick the gnoll bouda.
The gnoll bouda is heavily wounded.
You block the gnoll bouda's attack.
You hit the gnoll bouda.
The gnoll bouda is severely wounded.
The gnoll bouda hits you but does no damage.
You barely miss the gnoll bouda.
You kick the gnoll bouda, but do no damage.
The gnoll bouda is severely wounded.
The gnoll bouda closely misses you.
You closely miss the gnoll bouda. You kick the gnoll bouda.
The gnoll bouda is severely wounded.
The gnoll bouda gazes fiercely through you!
You feel your attacks grow feeble.
The gnoll bouda hits you with a +0 club.
The gnoll bouda gazes fiercely through you!
You feel as though you will be weak longer.
The gnoll bouda completely misses you.
You hit the gnoll bouda but do no damage.
You kick the gnoll bouda.
The gnoll bouda is severely wounded.
The gnoll bouda gazes fiercely through you!
You feel as though you will be weak longer.
The gnoll bouda barely misses you.
You slash the gnoll bouda!
You kill the gnoll bouda!
The gnoll hits you with a +0 club.
You hit the gnoll.
You kill the gnoll!
The gnoll hits you with a +1 flail of venom!
* * * LOW HITPOINT WARNING * * *
You are lethally poisoned!
You hit the gnoll. Your kick misses the gnoll.
The gnoll is lightly wounded.
* * * LOW HITPOINT WARNING * * *
You feel very sick. The gnoll misses you.
You feel better.
The gnoll hits you with a +1 flail of venom!
You die...

#.. #...# #.. #...######
#... #........# #....
#...##...#
#....##...##...#
#.........#....#####
#.........##...##..#
+....##...##...##..#
#######...##...@gg.#
#....##...#....##g##
#.....'...#....#........#
#....#######...#........#
#....##...######........#
#....##...#.........g...#
#....##...'.............#
#.....'...#.........g...#
#.....#.........####....#


You could see 3 gnolls.

Vanquished Creatures
  Sigmund (D:2)
  A necrophage (D:5)
  A gnoll bouda (D:5)
  Terence (D:2)
  An iguana (D:4)
  Robin (D:3)
  2 adders (D:2)
  2 gnolls (D:5)
  A worm (D:2)
  3 bats
  6 endoplasms
  3 giant cockroaches
  10 goblins
  8 hobgoblins
  2 quokkas
  4 ball pythons
  A frilled lizard (D:1)
  5 kobolds
  4 rats
57 creatures vanquished.

Notes
Turn   | Place    | Note
-------+----------+-------------------------------------------
     0 | D:1      | SensoryNuts the Demonspawn Fighter began the quest for the
                  | Orb.
     0 | D:1      | Reached XP level 1. HP: 18/18 MP: 1/1
   443 | D:1      | Found a faded altar of an unknown god.
   455 | D:1      | Gained mutation: You are surrounded by a mild repulsion
                  | field. (EV +2) [demonic ancestry]
   455 | D:1      | Reached XP level 2. HP: 22/24 MP: 2/2
  1283 | D:2      | Noticed Terence
  1287 | D:2      | Killed Terence
  1287 | D:2      | Noticed Sigmund
  1288 | D:2      | Gained mutation: You are surrounded by a moderate repulsion
                  | field. (EV +3) [demonic ancestry]
  1288 | D:2      | Reached XP level 3. HP: 19/29 MP: 3/3
  1295 | D:2      | Killed Sigmund
  1296 | D:2      | Gained mutation: You have large cloven feet. [demonic
                  | ancestry]
  1296 | D:2      | Reached XP level 4. HP: 3/36 MP: 4/4
  1296 | D:2      | Gained mutation: You are surrounded by a strong repulsion
                  | field. (EV +4, RMsl) [demonic ancestry]
  1296 | D:2      | Reached XP level 5. HP: 4/41 MP: 5/5
  2385 | D:3      | Noticed Robin
  2402 | D:3      | Killed Robin
  2972 | D:3      | Reached XP level 6. HP: 48/48 MP: 6/6
  3824 | D:4      | You are sucked into a shaft and drop 1 floor!
  3824 | D:5      | Entered Level 5 of the Dungeon
  3833 | D:5      | Reached skill level 1 in Dodging
  3924 | D:5      | Slain by a gnoll

Illustrated notes

Levels and vault maps discovered:
D:1:      zelgadis_glass_arrival_small, layout_basic,
          shapermc_ecumenical_altar_venn, minmay_shallow_snake_nest
D:2:      layout_basic, uniq_terence, uniq_sigmund
D:3:      layout_loops_corners, corexii_hall_statues_x, lemuel_flame_loot_1,
          uniq_robin
D:4:      layout_gridville, nzn_wu_jian_council_hall
D:5:      layout_gridville

Skill      XL: |  1  2  3  4  5  6 |
---------------+-------------------+-----
Armour         | 3 4 |  4.1
Long Blades    | 2 3 4 |  4.6
Shields        | 3 |  3.1
Dodging        | 1 |  1.0
Fighting       | |  3.8
Stealth        | |  0.3

Action                   |  1- 3 |  4- 6 || total
-------------------------+-------+-------++-------
Melee: Long sword        |    47 |   121 ||   168
       Kick              |       |    34 ||    34
  Use: Potion            |     1 |     1 ||     2
       Scroll            |       |     8 ||     8
Armor: Scale mail        |    12 |    44 ||    56
Dodge: Dodged            |    23 |    86 ||   109
Block: Buckler           |     4 |    22 ||    26
